 Dungeon Crawl Stone Soup version 0.25-a0-730-g633e9c3c14 (webtiles) character file.

Game seed: 8182621677264924419, levelgen mode: deterministic

38722 kae the Grappler (level 13, 0/113 HPs)
             Began as a White Draconian Transmuter on Apr 7, 2020.
             Was an Elder of Wu Jian.
             Splashed by an oklob plant's acid (10 damage)
             ... on level 5 of the Lair of Beasts.
             The game lasted 00:22:46 (20272 turns).

kae the Grappler (White Draconian Transmuter)      Turns: 20272, Time: 00:22:47

Health: 0/113      AC:  5    Str: 17    XL:     13   Next: 65%
Magic:  25/25      EV: 22    Int: 15    God:    Wu Jian [****..]
Gold:   901        SH:  0    Dex: 11    Spells: 13/28 levels left

rFire    . . .     SeeInvis .     - Unarmed
rCold    + . .     Gourm    .   (no shield)
rNeg     . . .     Faith    .   (armour unavailable)
rPois    .         Spirit   .   (helmet restricted)
rElec    .         Reflect  .   v - +1 cloak (curse)
rCorr    .         Harm     .   w - +2 pair of gloves
MR       .....                  (no boots)
Stlth    +.........             L - amulet of magic regeneration
HPRegen  0.28/turn              n - +3 ring of evasion
MPRegen  0.44/turn              y - +2 ring of evasion

@: corroded
A: breathe frost, unfitting armour, cold resistance 1, cold-blooded, AC +8
a: Breathe Frost, Wall Jump, Serpent's Lash, Renounce Religion


You were on level 5 of the Lair of Beasts.
You worshipped Wu Jian.
Wu Jian was greatly pleased with you.
You were not hungry.

You visited 3 branches of the dungeon, and saw 17 of its levels.

You collected 901 gold pieces.

Inventory:

Hand Weapons
 G - the +8 whip "Snakebite" {curare, rPois}
   (You found it on level 1 of the Lair of Beasts)

   It poisons the flesh of those it strikes.
   It protects you from poison.
Missiles
 a - 219 arrows
Armour
 v - a cursed +1 cloak (worn)
 w - a +2 pair of gloves (worn)
Magical Staves
 e - an uncursed staff of fire
Jewellery
 h - an uncursed ring of positive energy
 n - a +3 ring of evasion (left hand)
 q - an uncursed ring of flight
 t - an uncursed ring of ice
 y - a +2 ring of evasion (right hand)
 A - an uncursed ring of fire
 D - an uncursed amulet of harm
 H - an uncursed ring of magical power
 L - an amulet of magic regeneration (around neck)
Wands
 k - a wand of flame (13)
 m - a wand of paralysis (35)
 p - a wand of digging (6)
 z - a wand of acid (23)
 F - a wand of iceblast (13)
 I - a wand of polymorph (12)
Scrolls
 b - 2 scrolls of identify
 d - 5 scrolls of remove curse
 g - 14 scrolls of teleportation
 j - 4 scrolls of amnesia
 u - a scroll of fog
Potions
 f - 2 potions of stabbing
 i - 4 potions of curing
 o - 3 potions of invisibility
 r - 2 potions of brilliance
 s - 4 potions of flight
 x - 2 potions of might
 B - a potion of lignification
 C - a potion of berserk rage
 E - 2 potions of heal wounds
Comestibles
 c - 23 rations


   Skills:
 - Level 10.0 Fighting
 - Level 10.0 Dodging
 + Level 12.3 Unarmed Combat
 - Level 8.0 Spellcasting
 - Level 9.2 Transmutations
 - Level 8.0 Evocations


You had 13 spell levels left.
You knew the following spells:

 Your Spells              Type           Power        Failure   Level  Hunger
a - Beastly Appendage     Tmut           ####..       1%          1    None
b - Sticks to Snakes      Tmut           ####....     1%          2    None
c - Spider Form           Tmut/Pois      ###.......   5%          3    ##.....
d - Ice Form              Ice/Tmut       ###.....     19%         4    ####...
e - Blade Hands           Tmut           ####......   8%          5    #####..

Your spell library contained the following spells:

 Spells                   Type           Power        Failure   Level  Hunger
 Sting                    Tmut/Pois      ###.         1%          1    None
 Ignite Poison            Fire/Tmut/Pois ###.....     11%         3    ##.....
 Magic Dart               Conj           #...         12%         1    None
 Poisonous Vapours        Pois/Air       #.....       19%         2    None
 Searing Ray              Conj           #.....       19%         2    None
 Dazzling Flash           Conj/Hex       #.....       34%         3    ##.....
 Mephitic Cloud           Conj/Pois/Air  #.......     34%         3    ##.....
 Fulminant Prism          Conj/Hex       #.........   75%         4    ####...
 Iskenderun's Mystic Bla  Conj/Tloc      #.......     75%         4    ####...
 Olgreb's Toxic Radiance  Pois           #.......     75%         4    ####...


Dungeon Overview and Level Annotations

Branches:
Dungeon (10/15)            Temple (1/1) D:6            Lair (6/6) D:10
 Shoals (0/4) Lair:3       Spider (0/4) Lair:2        Slime (0/5) Lair:6
    Orc: D:9-12

Altars:
Ashenzari
Cheibriados
Dithmenos
Elyvilon
Fedhas
Gozag
Hepliaklqana
Kikubaaqudgha
Makhleb
Nemelex Xobeh
Okawaru
Qazlal
Ru
Sif Muna
Trog
Uskayaw
Vehumet
Wu Jian
Xom
Yredelemnul
Zin
The Shining One

Shops:
D:5 [

Annotations:
Lair:5 exclusion: oklob plant


Innate Abilities, Weirdness & Mutations

You can breathe waves of freezing cold.
You can buffet flying creatures when you breathe cold.
Your icy white scales are hard. (AC +8)
You cannot fit into any form of body armour.
Your flesh is cold resistant. (rC+)
You are cold-blooded and may be slowed by cold attacks.


Message History

You start resting.
You are starving!
You eat one of the 24 rations.
That ration really hit the spot!
You start resting.
HP restored.
Really walk into a travel-excluded area?
The oklob plant spits acid at you. The splash of acid hits you.
The acid corrodes you!
You are splashed with acid!
The oklob plant spits acid at you. The splash of acid hits you!!
You are splashed with acid!
The oklob plant spits acid at you. The splash of acid hits you!
You are splashed with acid!
The oklob plant spits acid at you. The splash of acid hits you!
The acid corrodes you!
You are splashed with acid!
* * * LOW HITPOINT WARNING * * *
The oklob plant spits acid at you. The splash of acid hits you!
* * * LOW HITPOINT WARNING * * *
You are splashed with acid!
You die...

#........## #............
#...#.#..## ###[.....)......#
##..#.##.P### .#.............#
###.........# #........(....##
##.#..P.#...####......PP....#.#
###.(.......#.........P......##
.#..........P..#.....P......
P#......................P...
..+.........'.#.@......P....
##..........#.#.............
##..........##.#..............
####..P.+#.#####..P...!......#
#####.#.# ##P...........#
##....######.P..........#
###....P#.##.............##
##......###.PP........P....#
##........#(............P.##


You could see an oklob plant.

Vanquished Creatures
  2 hydras (Lair:3)
  3 death yaks (Lair:4)
  2 oklob plants (Lair:5)
  2 cyclopes
  5 black mambas
  A merfolk siren (Lair:3)
  12 elephants
  A torpor snail (Lair:3)
  5 spiny frogs
  5 komodo dragons
  4 dream sheep (Lair:3)
  22 blink frogs
  3 hippogriffs
  13 yaks
  A wyvern (D:9)
  2 basilisks
  3 porcupines
  11 water moccasins
  An ice beast (D:6)
  2 sky beasts
  2 black bears
  5 ogres
  2 phantoms
  2 orc warriors
  22 wolves
  4 centaurs
  6 crocodiles
  2 big kobolds
  A gnoll sergeant (D:8)
  13 bullfrogs
  A water moccasin skeleton (D:8)
  2 scorpions
  7 killer bees
  3 howler monkeys
  A wight (D:7)
  2 crimson imps
  2 centaur skeletons
  9 hounds
  A bullfrog skeleton (D:9)
  5 orc priests
  4 jellies
  Ijyb (D:4)
  An iguana (D:8)
  6 orc wizards
  8 worker ants
  A hound zombie (D:10)
  7 gnolls
  9 adders
  3 shadow imps
  An ooze (D:3)
  An adder skeleton (D:8)
  An adder zombie (D:7)
  3 dart slugs (D:1)
  5 leopard geckos
  36 orcs
  3 giant cockroaches
  9 goblins
  9 hobgoblins
  6 jackals
  14 kobolds
  3 quokkas
  2 ball pythons
  5 bats
  5 frilled lizards
  A jackal skeleton (D:7)
  A jackal zombie (D:7)
  A quokka skeleton (D:7)
  7 rats
  A plant (Lair:5)
346 creatures vanquished.

Vanquished Creatures (others)
  3 bushes (Lair:3)
  3 fungi (Lair:3)
  13 plants
19 creatures vanquished.

Grand Total: 365 creatures vanquished

Notes
Turn   | Place    | Note
-------+----------+-------------------------------------------
     0 | D:1      | kae the Draconian Transmuter began the quest for the Orb.
     0 | D:1      | Reached XP level 1. HP: 16/16 MP: 3/3
    42 | D:1      | Reached XP level 2. HP: 18/23 MP: 3/5
  1413 | D:1      | Reached XP level 3. HP: 27/28 MP: 4/6
  1417 | D:1      | Learned a level 2 spell: Sticks to Snakes
  1421 | D:1      | Learned a level 3 spell: Spider Form
  1567 | D:2      | Reached skill level 4 in Unarmed Combat
  1847 | D:2      | Reached XP level 4. HP: 33/35 MP: 7/7
  1931 | D:2      | Found a shimmering blue altar of Sif Muna.
  2771 | D:4      | HP: 1/35 [hound (2)]
  2775 | D:4      | Reached XP level 5. HP: 10/40 MP: 2/9
  3276 | D:4      | Noticed a phantom
  3318 | D:4      | Killed a phantom
  3318 | D:4      | Reached skill level 5 in Unarmed Combat
  3318 | D:4      | Reached XP level 6. HP: 19/47 MP: 9/11
  4250 | D:4      | Noticed Ijyb
  4260 | D:4      | Killed Ijyb
  4353 | D:5      | Entered Level 5 of the Dungeon
  4467 | D:5      | Noticed a sky beast
  4480 | D:5      | Killed a sky beast
  4480 | D:5      | Reached skill level 6 in Unarmed Combat
  4480 | D:5      | Your scales start taking on an icy white colour.
  4480 | D:5      | Reached XP level 7. HP: 45/52 MP: 8/12
  4480 | D:5      | Gained mutation: Your flesh is cold resistant. (rC+) [White
                  | Draconian growth]
  4847 | D:5      | Found Tuituzxua's Armour Emporium.
  5438 | D:5      | Found a bloodstained altar of Trog.
  5438 | D:5      | Found a glowing golden altar of the Shining One.
  5661 | D:6      | Reached skill level 7 in Unarmed Combat
  5934 | D:6      | Reached skill level 5 in Transmutations
  5934 | D:6      | Reached XP level 8. HP: 35/59 MP: 10/15
  6255 | D:6      | Reached skill level 5 in Spellcasting
  6269 | D:6      | Reached skill level 8 in Unarmed Combat
  6588 | D:6      | Found a burning altar of Makhleb.
  6695 | D:6      | Found a staircase to the Ecumenical Temple.
  6710 | Temple   | Entered the Ecumenical Temple
  6903 | Temple   | Became a worshipper of the Wu Jian Council
  7245 | D:7      | Noticed a cyclops
  7266 | D:7      | Killed a cyclops
  7266 | D:7      | Reached skill level 9 in Unarmed Combat
  7266 | D:7      | Reached XP level 9. HP: 53/64 MP: 13/17
  8483 | D:8      | Reached * piety under Wu Jian
  8985 | D:8      | Reached skill level 10 in Unarmed Combat
  9152 | D:8      | Learned a level 4 spell: Ice Form
  9178 | D:8      | Reached XP level 10. HP: 58/71 MP: 16/20
  9205 | D:8      | Found a stormy altar of Qazlal.
  9649 | D:9      | Reached ** piety under Wu Jian
  9762 | D:9      | Found a glowing golden altar of the Shining One.
  9812 | D:9      | Noticed a cyclops
  9844 | D:9      | Reached skill level 11 in Unarmed Combat
  9856 | D:9      | Killed a cyclops
 10389 | D:10     | Entered Level 10 of the Dungeon
 10396 | D:10     | Found a staircase to the Lair.
 11221 | Lair:1   | Entered Level 1 of the Lair of Beasts
 11716 | Lair:1   | Reached skill level 12 in Unarmed Combat
 11949 | Lair:1   | Noticed a black mamba
 11955 | Lair:1   | Killed a black mamba
 11955 | Lair:1   | Reached XP level 11. HP: 74/77 MP: 23/23
 12086 | Lair:1   | Reached *** piety under Wu Jian
 12460 | Lair:1   | Found the +8 whip "Snakebite" {curare, rPois}
 13600 | Lair:2   | Reached skill level 5 in Fighting
 13720 | Lair:2   | Found a hole to the Spider Nest.
 14063 | Lair:2   | Reached XP level 12. HP: 96/96 MP: 24/24
 14801 | Lair:3   | Noticed a seven-headed hydra
 14994 | Lair:3   | Killed a seven-headed hydra
 15459 | Lair:3   | Learned a level 5 spell: Blade Hands
 15537 | Lair:3   | Noticed a seven-headed hydra
 15542 | Lair:3   | Killed a seven-headed hydra
 15542 | Lair:3   | Reached skill level 10 in Dodging
 15859 | Lair:3   | Reached **** piety under Wu Jian
 15859 | Lair:3   | Reached XP level 13. HP: 111/111 MP: 21/25
 15869 | Lair:3   | Found a staircase to the Shoals.
 16246 | Lair:4   | Reached skill level 10 in Fighting
 16260 | Lair:4   | Reached skill level 1 in Evocations
 17224 | Lair:4   | Reached skill level 5 in Evocations
 18895 | Lair:5   | You fall into a shaft and drop 1 floor!
 18895 | Lair:6   | Entered Level 6 of the Lair of Beasts
 20272 | Lair:5   | Splashed by an oklob plant's acid

Levels and vault maps discovered:
D:1:      minmay_arrival_cross, layout_basic
D:2:      layout_rooms, lemuel_blue_sif_altar
D:3:      layout_basic, minmay_misc_feat_tower, fountainhead
D:4:      layout_layer_cave, serial_co_window_serial, co_window_paths_a,
          co_window_corner_a, co_window_paths_a, co_window_corner_a,
          co_window_corner_a, co_window_paths_c, co_window_corner_b,
          co_window_cross_4, co_window_broadway_b, co_window_of_opportunity_b,
          co_window_paths_d, co_window_4corner_a, glass_columns_a,
          glass_columns_a, glass_columns_a, uniq_ijyb
D:5:      layout_layer_cave, gammafunk_temple_overflow_wave, serial_shops, shop,
          first_ration
D:6:      layout_loops_ring, minmay_temple_entry_nine_rooms, basic_altar
D:7:      minmay_chambers_of_sixes, layout_basic
D:8:      layout_basic, kennysheep_mini, grunt_ministairs_15
D:9:      layout_rooms, basic_altar
D:10:     layout_roguey, david_lair_shrubbed
Temple:   dpeg_five_rooms_temple
Lair:1:   minmay_guarded_unrand_snakebite, layout_chaotic_city,
          grunt_megastairs_5
Lair:2:   layout_roguey, spider_nest_entry_web_field
Lair:3:   layout_layer_cave, minmay_shoals_entry_lonely_mermaid,
          grunt_megastairs_3
Lair:4:   layout_regular_city, chequers_serial_rivers_micro_c,
          minmay_lindwurm_lava
Lair:5:   layout_roguey, st_stairs_13, serial_bayou_pond_e, dpeg_oklob_1
Lair:6:   gammafunk_lair_ancient_temple, layout_long_grid, slime_altar_1,
          bh_autumn_forest_stairs, serial_bayou_ford_a

Skill      XL: |  1  2  3  4  5  6  7  8  9 10 11 12 13 |
---------------+----------------------------------------+-----
Unarmed Combat | 4 5 6 7 9 10 12 | 12.3
Transmutations | 3 4 5 6 7 9 |  9.2
Spellcasting   | 3 4 5 6 8 |  8.0
Fighting       | 6 9 10 | 10.0
Dodging        | 8 10 | 10.0
Evocations     | 8 |  8.0

Action                   |  1- 3 |  4- 6 |  7- 9 | 10-12 | 13-15 || total
-------------------------+-------+-------+-------+-------+-------++-------
Melee: Unarmed           |    90 |   130 |   298 |   382 |   190 ||  1090
       Kick              |     5 |     4 |     1 |       |       ||    10
       Tailslap          |     3 |     6 |     8 |     4 |     6 ||    27
       Staff             |    12 |    55 |       |       |       ||    67
       Headbutt          |     1 |       |       |       |       ||     1
       Punch             |       |     4 |     3 |     2 |     2 ||    11
 Cast: Beastly Appendage |    17 |     4 |     1 |       |       ||    22
       Spider Form       |     2 |    18 |    35 |     7 |       ||    62
       Sticks to Snakes  |       |     1 |       |       |       ||     1
       Ice Form          |       |       |       |    31 |    15 ||    46
       Blade Hands       |       |       |       |       |     2 ||     2
Invok: Lunge             |       |       |    11 |    26 |    14 ||    51
       Whirlwind         |       |       |     1 |    18 |    21 ||    40
 Abil: Breathe Frost     |       |       |     4 |     1 |     7 ||    12
       Evoke Flight      |       |       |     1 |       |       ||     1
Evoke: Wand              |       |       |       |     2 |    13 ||    15
  Use: Potion            |     3 |     1 |     1 |     1 |       ||     6
       Scroll            |       |     4 |    12 |    10 |     6 ||    32
 Stab: Sleeping          |       |     1 |       |     2 |       ||     3
  Eat: Chunk             |     3 |     9 |    18 |    24 |    12 ||    66
       Ration            |       |     1 |       |     1 |     2 ||     4
Armor: Skin              |    26 |    36 |    30 |    46 |    16 ||   154
Dodge: Dodged            |    87 |   157 |   232 |   268 |   124 ||   868

Table legend:
 A = Non-vault XP
 B = Vault XP
 C = Vault XP percentage of total XP
 D = Non-vault monster count
 E = Vault monster count
 F = Vault count percentage of total count
                 A         B        C        D         E       F
            +---------+---------+-------+---------+---------+-------
      Total |   35679 |    6640 |  15.7 |     313 |      31 |   9.0
            +---------+---------+-------+---------+---------+-------
        D:1 |      41 |       0 |   0.0 |      20 |       0 |   0.0
        D:2 |      58 |       0 |   0.0 |      23 |       0 |   0.0
        D:3 |      53 |       0 |   0.0 |      18 |       0 |   0.0
        D:4 |     455 |      36 |   7.3 |      22 |       1 |   4.3
        D:5 |     533 |       0 |   0.0 |       7 |       0 |   0.0
        D:6 |    1197 |       0 |   0.0 |      27 |       0 |   0.0
        D:7 |     484 |     779 |  61.7 |      17 |       6 |  26.1
        D:8 |    2190 |      43 |   1.9 |      34 |       2 |   5.6
        D:9 |    1882 |       0 |   0.0 |      27 |       0 |   0.0
       D:10 |     662 |     338 |  33.8 |      14 |       1 |   6.7
     Lair:1 |    1440 |    2601 |  64.4 |      11 |      15 |  57.7
     Lair:2 |    2530 |       0 |   0.0 |      11 |       0 |   0.0
     Lair:3 |    9288 |    1559 |  14.4 |      28 |       3 |   9.7
     Lair:4 |    7200 |       0 |   0.0 |      20 |       0 |   0.0
     Lair:5 |    7666 |    1284 |  14.3 |      34 |       3 |   8.1
            +---------+---------+-------+---------+---------+-------
